 Dungeon Crawl Stone Soup version 0.21-a0-227-g58a7c62 (webtiles) character file.

151802 Blomdor the Severer (level 17, -9/144 HPs)
             Began as a Barachi Skald on Aug 30, 2017.
             Was the Champion of Okawaru.
             Mangled by Donald
             ... wielding a +1 eveningstar of freezing
              (30 damage)
             ... on level 3 of the Spider Nest.
             The game lasted 01:13:02 (34849 turns).

Blomdor the Severer (Barachi Skald)                Turns: 34849, Time: 01:13:03

Health: -9/144     AC: 37    Str: 25      XL:     17   Next: 56%
Magic:  13/23      EV: 11    Int: 14 (15) God:    Okawaru [******]
Gold:   2154       SH: 16    Dex: 11 (12) Spells: 19/20 levels left

rFire    + . .     SeeInvis .   N - +2 broad axe (protect)
rCold    + + .     Gourm    .   G - +2 shield of Resistance {rF+ rC+ MR+}
rNeg     . . .     Faith    +   U - +3 crystal plate armour
rPois    +         Spirit   .   v - +0 hat "Bygi" {rCorr Str+7 Int-2}
rElec    .         Reflect  .   l - +2 cloak {rC+}
rCorr    +         Harm     .   K - +2 pair of gloves {archery}
MR       +++..     Clarity  +   m - +2 pair of boots {run}
Stlth    ..........             h - amulet of faith
HPRegen  0.34/turn              x - ring of poison resistance
MPRegen  0.18/turn              f - ring of protection from magic

@: heroism, can't hop
A: +LOS, swims, yellow scales 1, blurry vision 1, clarity, clever 1, deformed
body, slowness 1, strong legs 2
a: Hop, Heroism, Finesse, Renounce Religion


You were on level 3 of the Spider Nest.
You worshipped Okawaru.
Okawaru was exalted by your worship.
You were not hungry.

You visited 4 branches of the dungeon, and saw 26 of its levels.
You also visited: Labyrinth, Ossuary, Bailey and Ice Cave.

You collected 3166 gold pieces.
You spent 1012 gold pieces at shops.

Inventory:

Hand Weapons
 r - a +4 vampiric battleaxe
 N - a +2 broad axe of protection (weapon)
Missiles
 X - 5 throwing nets (quivered)
Armour
 l - a +2 cloak of cold resistance (worn)
 m - a +2 pair of boots of running (worn)
 v - the +0 hat "Bygi" (worn) {rCorr Str+7 Int-2}
   (You bought it in a shop on level 2 of the Orcish Mines)

   It affects your strength (+7).
   It affects your intelligence (-2).
   It protects you from acid and corrosion.
 G - the +2 shield of Resistance (worn) {rF+ rC+ MR+}
   (You found it on level 12 of the Dungeon)

   It protects you from fire.
   It protects you from cold.
   It affects your resistance to hostile enchantments.
 K - a +2 pair of gloves of archery (worn)
 U - a +3 crystal plate armour (worn)
Jewellery
 f - a ring of protection from magic (right hand)
 h - an amulet of faith (around neck)
 u - an uncursed ring of positive energy
 x - a ring of poison resistance (left hand)
 B - the ring of Focwaott {+Fly MR+}
   (You acquired it in a bailey)

   [ring of flight]

   It affects your resistance to hostile enchantments.
   It lets you fly.
 C - an uncursed ring of protection from fire
 R - an uncursed ring of protection from fire
Wands
 A - a wand of digging (13/24)
Scrolls
 e - 9 scrolls of remove curse
 j - 5 scrolls of recharging
 p - 15 scrolls of teleportation
 y - 5 scrolls of immolation
 I - 2 scrolls of identify
 J - a scroll of blinking
 O - a scroll of enchant weapon
 Q - 3 scrolls of fear
 Y - 2 scrolls of fog
 Z - 7 scrolls of magic mapping
Potions
 a - a potion of cancellation
 b - 12 potions of curing
 c - 3 potions of might
 i - 3 potions of agility
 k - a potion of lignification
 o - 2 potions of resistance
 t - 3 potions of haste
 w - 7 potions of flight
 z - 11 potions of mutation
 D - 9 potions of heal wounds
 E - a potion of invisibility
 L - 2 potions of ambrosia
 V - a potion of berserk rage
Miscellaneous
 s - a phantom mirror
 F - 2 boxes of beasts
Comestibles
 d - 11 bread rations
 g - 16 royal jellies
 n - 17 meat rations


   Skills:
 + Level 16.1(21.1) Fighting
 * Level 20.1(25.1) Axes
 + Level 16.1(21.1) Armour
 - Level 6.0(11.0) Dodging
 + Level 11.1(16.1) Shields
 - Level 2.1 Spellcasting
 - Level 3.2 Charms
 - Level 8.0 Invocations


You had 19 spell levels left.
You knew the following spells:

 Your Spells              Type           Power        Failure   Level  Hunger
a - Infusion              Chrm           ##..         63%         1    #......


Dungeon Overview and Level Annotations

Branches:
Dungeon (15/15)            Temple (0/1) D:5            Lair (6/6) D:8
 Shoals (0/4) Lair:3       Spider (3/4) Lair:4        Slime (0/5) Lair:5
    Orc (2/2) D:11            Elf (0/3) Orc:2        Vaults (0/5) D:13
 Depths (0/5) D:15

Altars:
Ashenzari
Dithmenos
Elyvilon
Fedhas
Gozag
Hepliaklqana
Kikubaaqudgha
Makhleb
Nemelex Xobeh
Okawaru
Qazlal
Ru
Trog
Vehumet
Wu Jian
Xom
The Shining One
Jiyva

Shops:
D:7 [   D:8 (   D:11 ?   D:14 =   Orc:2 *(=[

Annotations:
D:12 1 runed door
Lair:3 exclusion: 4 oklob plants
Spider:3 Arachne, Asterion, Donald, Jorgrun


Innate Abilities, Weirdness & Mutations

Shadows flee at your approach. (+LOS)
You can swim through water.
You cover ground slowly.
You can hop longer distances.
You are partially covered in yellow scales. (AC +2)
Scrolls take you a little longer to read.
You possess an exceptional clarity of mind.
Your mind is acute. (Int +2)
Armour fits poorly on your strangely shaped body.


Message History

Donald seems to speed up.
Donald struggles to get unstuck from the web.
Donald pulls away from the web.
You found a web!
Donald casts a spell.
Donald seems to grow stronger.
Some rock shatters into small pieces.
You see here a halberd.
Donald is caught in a web!
Asterion conjures a destructive force in the name of Makhleb!
The bolt of fire hits you! You resist.
* * * LOW HITPOINT WARNING * * *
Donald pulls away from the web.
You block Donald's attack.
Arachne stares at you and mumbles some strange words.
The bolt of poison hits you! You resist.
* * * LOW HITPOINT WARNING * * *
There is a stone staircase leading down here.
Unknown command.
Donald hits you with an eveningstar of freezing!!
You die...

.##..##...†.s2.^..... .
....^#...###†.#....### ..
.......#....s?.#.##...
#.#.#...^...HH......#...
#......##.#.#.†s#.#.....
.#.#.##..H....2...#^...#.
.......^...#..#†.#..^....
.........#..#...^..###..#
##.@@)##†...#...##..
#..^....###....#≈#^#
#........^#...#.........
##........>...#.##.....#
.#....#.^#.......#...###.
.....#...#...^#^.^.......
............#.#..#...^..#
....##.#.#....#......##..
.....#......#....###^..#^


You could see Arachne, a cacodemon, Donald and an orb spider.

Vanquished Creatures
  2 Ice Fiends (IceCv)
  The ghost of Akrius the Warrior, an adept BaGl of Cheibriados (D:15)
  Frances (D:12)
  Roxanne (D:15)
  2 ghost moths
  2 emperor scorpions (Spider:1)
  An orc warlord (Orc:2)
  An entropy weaver (Spider:1)
  Snorg (D:10)
  An ettin (Orc:2)
  A minotaur (Lab)
  3 fire dragons
  2 ogre magi (D:14)
  4 vault guards (D:13)
  Harold (D:11)
  4 ice dragons
  7 hydras
  Erica (D:10)
  12 two-headed ogres
  3 centaur warriors
  A catoblepas (Lair:6)
  Urug (D:10)
  12 death yaks
  2 orc high priests (Orc:2)
  Nergalle (Lair:2)
  6 unseen horrors
  A swamp dragon (Lair:6)
  The ghost of jvknxa the Cleaver, a novice MiBe of Trog (D:5)
  5 orb spiders
  3 orc knights (Orc:2)
  6 cyclopes
  12 wolf spiders
  3 deep elf magi
  7 ugly things
  5 orc sorcerers (Orc:2)
  4 manticores
  3 elephants (Lair:5)
  Joseph (D:7)
  12 black mambas
  A guardian serpent (Lair:6)
  2 ice statues (IceCv)
  A gargoyle (Lab)
  13 spiny frogs
  5 rime drakes
  2 centaur skeletons
  2 yaktaurs
  4 torpor snails
  12 komodo dragons
  4 demonic crawlers
  A polar bear (Lair:5)
  14 ice devils (IceCv)
  13 trolls
  3 meliai (Lair:5)
  A queen bee (Lair:5)
  20 jumping spiders
  A slime creature (shapeshifter) (D:15)
  8 hornets
  A minotaur skeleton (Lab)
  7 slime creatures
  7 blink frogs
  11 hippogriffs
  A meliai zombie (D:11)
  2 vampires
  29 redbacks
  7 tarantellas
  56 yaks
  3 shadows
  9 wyverns
  A wraith (D:12)
  5 basilisks
  A golden eye (shapeshifter) (D:14)
  A human (D:7)
  3 hungry ghosts
  4 hogs (D:7)
  A steam dragon (Lair:6)
  9 vampire mosquitoes
  4 wargs (Orc:2)
  A soldier ant (D:15)
  4 acid dragons
  4 porcupines
  25 water moccasins
  2 hell hounds (D:8)
  30 orc warriors
  3 ice beasts
  4 sky beasts
  2 black bears
  A black bear (shapeshifter) (D:14)
  3 phantoms
  A swamp drake (Lair:6)
  An eye of draining (D:12)
  21 ogres
  6 wolves
  12 centaurs
  15 crocodiles
  Blork the orc (D:5)
  6 big kobolds
  22 bullfrogs
  An earth elemental (Lab)
  A wyvern skeleton (D:11)
  A water moccasin zombie (D:7)
  4 scorpions
  52 killer bees
  11 wights
  2 electric eels
  The ghost of Infrared the Conjurer, a weakling DrCj (D:3)
  2 howler monkeys
  5 centaur zombies
  12 crimson imps
  2 bullfrog zombies
  16 orc priests
  A quasit (D:8)
  A human zombie (Ossuary)
  4 lava snakes (Lab)
  7 hounds
  4 jellies
  A bullfrog skeleton (D:11)
  8 iguanas
  Ijyb (D:5)
  2 hell rats (Lair:5)
  27 orc wizards
  7 worker ants
  2 big kobold zombies (Ossuary)
  A hound skeleton (D:6)
  4 mummies (Ossuary)
  A worker ant zombie (D:9)
  7 adders
  27 gnolls
  4 white imps (IceCv)
  2 ufetubi (IceCv)
  2 oozes
  An adder skeleton (D:8)
  An adder zombie (D:8)
  4 worms
  4 dart slugs
  6 leopard geckos
  88 orcs
  A ball python (D:4)
  6 giant cockroaches
  10 goblins
  17 hobgoblins
  12 jackals
  10 quokkas
  12 bats
  5 frilled lizards
  A goblin zombie (Ossuary)
  2 jackal skeletons (D:4)
  41 kobolds
  A kobold zombie (Ossuary)
  An orc zombie (Ossuary)
  A quokka skeleton (D:5)
  4 rats
  11 fungi
  11 plants
1043 creatures vanquished.

Vanquished Creatures (collateral kills)
  A hydra (Lair:2)
  A porcupine (Lair:2)
2 creatures vanquished.

Vanquished Creatures (others)
  A crocodile (Lair:6)
  A killer bee (Lair:5)
  An orc wizard (Orc:2)
  A gnoll (D:3)
  4 white imps (IceCv)
  7 ufetubi (IceCv)
  22 fungi
  14 plants
51 creatures vanquished.

Grand Total: 1096 creatures vanquished

Notes
Turn   | Place    | Note
-------+----------+-------------------------------------------
     0 | D:1      | Blomdor the Barachi Skald began the quest for the Orb.
     0 | D:1      | Reached XP level 1. HP: 17/17 MP: 3/3
    34 | D:1      | Reached skill level 3 in Axes
    34 | D:1      | Reached XP level 2. HP: 2/23 MP: 5/5
   656 | D:1      | Reached XP level 3. HP: 28/28 MP: 6/6
  1163 | D:2      | Reached skill level 4 in Axes
  1171 | D:2      | Gained mutation: You possess an exceptional clarity of mind. [potion of mutation]
  1171 | D:2      | Gained mutation: You are partially covered in yellow scales. (AC +2) [potion of mutation]
  1171 | D:2      | Gained mutation: Your mind is acute. (Int +2) [potion of mutation]
  2020 | D:2      | Reached XP level 4. HP: 34/34 MP: 7/7
  2218 | D:2      | Found an ornate altar of the Wu Jian Council.
  2614 | D:3      | Reached skill level 1 in Shields
  2614 | D:3      | Reached XP level 5. HP: 37/41 MP: 8/8
  2696 | D:3      | Found an iron altar of Okawaru.
  2702 | D:3      | Became a worshipper of Warmaster Okawaru
  2724 | D:2      | HP: 2/41 [hobgoblin (1)]
  3118 | D:3      | Reached skill level 5 in Axes
  3150 | D:3      | Noticed Infrared's ghost (weakling DrCj)
  3381 | D:3      | Killed Infrared's ghost
  3386 | D:3      | Found a stormy altar of Qazlal.
  3624 | D:3      | Found a blossoming altar of Fedhas.
  3675 | D:3      | Found a faded altar of an unknown god.
  3853 | D:4      | Reached XP level 6. HP: 43/47 MP: 9/9
  4075 | D:4      | Reached skill level 1 in Invocations
  4403 | D:4      | Reached XP level 7. HP: 47/53 MP: 10/10
  4450 | D:4      | Reached * piety under Okawaru
  4450 | D:4      | Reached skill level 6 in Axes
  4616 | D:5      | Entered Level 5 of the Dungeon
  4616 | D:5      | Noticed Blork the orc
  4616 | D:5      | Noticed jvknxa's ghost (novice MiBe)
  4674 | D:5      | Found a sand-covered staircase.
  4682 | Ossuary  | Entered an ossuary
  4978 | D:5      | Found a staircase to the Ecumenical Temple.
  5022 | D:5      | Killed jvknxa's ghost
  5022 | D:5      | Reached ** piety under Okawaru
  5022 | D:5      | Reached skill level 5 in Fighting
  5022 | D:5      | Reached skill level 7 in Axes
  5022 | D:5      | Reached skill level 5 in Armour
  5022 | D:5      | Reached XP level 8. HP: 62/62 MP: 9/11
  5105 | D:5      | Killed Blork the orc
  5160 | D:5      | Reached skill level 8 in Axes
  5348 | D:5      | Found a white marble altar of Elyvilon.
  5505 | D:5      | Noticed Ijyb
  5513 | D:5      | Killed Ijyb
  5984 | D:6      | Found a glowing golden altar of the Shining One.
  6055 | D:6      | Found a bloodstained altar of Trog.
  6057 | D:6      | Found a radiant altar of Vehumet.
  6096 | D:6      | Reached XP level 9. HP: 41/69 MP: 12/12
  6541 | D:6      | Reached *** piety under Okawaru
  6742 | D:6      | Found a shadowy altar of Dithmenos.
  6742 | D:6      | Found an ancient bone altar of Kikubaaqudgha.
  6772 | D:6      | Found an opulent altar of Gozag.
  6823 | D:6      | Reached skill level 9 in Axes
  8125 | D:7      | Reached skill level 10 in Axes
  8130 | D:7      | Reached **** piety under Okawaru
  8136 | D:7      | Reached XP level 10. HP: 54/79 MP: 11/13
  8286 | D:7      | Got a faintly humming shield
  8287 | D:7      | Identified the +2 shield "Asinuap" {Dex+9 SInv} (You found it on level 7 of the Dungeon)
  8334 | D:7      | Found a sparkling altar of Nemelex Xobeh.
  8397 | D:7      | Found Digeirr's Armour Boutique.
  8403 | D:7      | Bought a +2 pair of gloves of archery for 322 gold pieces
  8403 | D:7      | Bought a cursed +0 pair of boots for 52 gold pieces
  8431 | D:7      | Noticed Joseph
  8452 | D:7      | Killed Joseph
  8665 | D:8      | Found a shattered altar of Ashenzari.
  8668 | D:8      | Found a staircase to the Lair.
  9259 | D:8      | Found a hazy altar of Hepliaklqana.
  9353 | D:8      | Found Upnecw's Weapon Emporium.
  9361 | D:8      | Reached skill level 11 in Axes
  9598 | D:8      | Found a burning altar of Makhleb.
  9599 | D:8      | Found a shimmering altar of Xom.
  9812 | Lair:1   | Entered Level 1 of the Lair of Beasts
  9820 | Lair:1   | Noticed a spiny frog
  9835 | Lair:1   | Killed a spiny frog
  9835 | Lair:1   | Reached ***** piety under Okawaru
 10179 | Lair:1   | Noticed a black mamba
 10198 | Lair:1   | Killed a black mamba
 10431 | Lair:1   | Noticed a spiny frog
 10439 | Lair:1   | Killed a spiny frog
 10439 | Lair:1   | Reached skill level 5 in Invocations
 10453 | Lair:1   | Received a gift from Okawaru
 10710 | Lair:1   | Reached XP level 11. HP: 72/87 MP: 15/15
 10996 | Lair:2   | Noticed Sonja
 11000 | Lair:2   | Noticed Sonja
 11000 | Lair:2   | Sonja changed into Sonja the raiju
 11001 | Lair:2   | Noticed Sonja
 11001 | Lair:2   | Sonja the raiju changed into Sonja the rime drake
 11008 | Lair:2   | Killed Sonja the rime drake
 11013 | Lair:2   | Reached skill level 12 in Axes
 11381 | Lair:2   | Noticed an eight-headed hydra
 11390 | Lair:2   | Killed an eight-headed hydra
 11590 | Lair:2   | Noticed Nergalle
 11667 | Lair:2   | Killed Nergalle
 13038 | Lair:2   | Reached skill level 13 in Axes
 13746 | Lair:3   | Noticed a death yak
 13748 | Lair:3   | Noticed a death yak
 13749 | Lair:3   | Noticed a death yak
 13758 | Lair:3   | Noticed a death yak
 13760 | Lair:3   | Noticed a death yak
 13773 | Lair:3   | Killed a death yak
 13773 | Lair:3   | Reached skill level 10 in Armour
 13773 | Lair:3   | Reached XP level 12. HP: 87/97 MP: 15/17
 13791 | Lair:3   | Killed a death yak
 13791 | Lair:3   | Reached skill level 10 in Fighting
 13812 | Lair:3   | Killed a death yak
 13826 | Lair:3   | Killed a death yak
 13835 | Lair:3   | Killed a death yak
 14291 | Lair:3   | Noticed an eight-headed hydra
 14314 | Lair:3   | Killed an eight-headed hydra
 14319 | Lair:3   | Received a gift from Okawaru
 14473 | Lair:3   | Noticed a five-headed hydra
 14492 | Lair:3   | Killed a five-headed hydra
 14879 | Lair:3   | Reached ****** piety under Okawaru
 14879 | Lair:3   | Reached skill level 14 in Axes
 15069 | Lair:3   | Found a staircase to the Shoals.
 15457 | D:9      | Noticed an eight-headed hydra
 15465 | D:9      | Killed an eight-headed hydra
 15483 | D:9      | Noticed a two-headed ogre
 15492 | D:9      | Killed a two-headed ogre
 17102 | D:10     | Entered Level 10 of the Dungeon
 17121 | D:10     | Noticed Erica
 17127 | D:10     | Received a gift from Okawaru
 17142 | D:10     | Killed Erica
 17142 | D:10     | Gained mutation: You can hop longer distances. [Barachi growth]
 17142 | D:10     | Reached XP level 13. HP: 68/106 MP: 19/19
 17274 | D:10     | Noticed Urug
 17301 | D:10     | Killed Urug
 17301 | D:10     | Reached skill level 15 in Axes
 17301 | D:10     | Reached skill level 5 in Shields
 17577 | D:10     | Noticed Snorg
 17601 | D:10     | Killed Snorg
 17665 | D:10     | Found a flagged portal.
 17713 | Bailey   | Entered a bailey
 18231 | Bailey   | Identified a scroll of acquirement
 18232 | Bailey   | Got a transparent silver ring
 18234 | Bailey   | Identified the ring of Focwaott {+Fly MR+} (You acquired it in a bailey)
 18841 | D:11     | Noticed Harold
 19118 | D:10     | Received a gift from Okawaru
 19222 | D:11     | Killed Harold
 19286 | D:11     | Found a staircase to the Orcish Mines.
 19334 | D:11     | Found Kaphiwah's Magic Scroll Shop.
 19354 | D:11     | Bought a scroll of fog for 26 gold pieces
 19354 | D:11     | Bought a scroll of magic mapping for 45 gold pieces
 19354 | D:11     | Bought a scroll of brand weapon for 260 gold pieces
 19716 | D:11     | Found a sacrificial altar of Ru.
 20043 | Orc:1    | Entered Level 1 of the Orcish Mines
 20476 | Orc:2    | Entered Level 2 of the Orcish Mines
 20476 | Orc:2    | Found a staircase to the Elven Halls.
 20484 | Orc:2    | Noticed an ettin
 20652 | Orc:2    | Killed an ettin
 20956 | Orc:2    | Found Irhoruaq's Antique Armour Shoppe.
 21173 | Orc:2    | Bought a heavily runed hat for 252 gold pieces
 21194 | Orc:2    | Identified the cursed +0 hat "Bygi" {rCorr Str+7 Int-2} (You bought it in a shop on level 2 of the Orcish Mines)
 21259 | Orc:2    | Found Wouroym's Jewellery Shop.
 21292 | Orc:2    | Reached skill level 16 in Axes
 21313 | Orc:2    | Reached XP level 14. HP: 52/116 MP: 18/20
 21435 | Orc:2    | Noticed an orc warlord
 21474 | Orc:2    | Received a gift from Okawaru
 21489 | Orc:2    | Found Tamugeg's General Store.
 21844 | Orc:2    | Bought a potion of heal wounds for 55 gold pieces
 21847 | Orc:2    | Found Acsint's Antique Weapon Shoppe.
 21940 | Orc:2    | Killed an orc warlord
 22534 | Lair:4   | Found a hole to the Spider Nest.
 22594 | Lair:4   | Found a labyrinth entrance.
 22626 | Lab      | Entered a labyrinth
 23160 | Lab      | Got a pair of smoking boots
 23192 | Lab      | Identified the cursed +0 pair of boots "Qovatt" {Dex+4} (You found it in a labyrinth)
 24086 | Lair:5   | Found a viscous altar of Jiyva.
 24087 | Lair:5   | Found a staircase to the Slime Pits.
 24198 | Lair:5   | Reached skill level 17 in Axes
 24374 | Lair:5   | Received a gift from Okawaru
 24631 | Lair:5   | Reached XP level 15. HP: 81/125 MP: 18/21
 25171 | Lair:6   | Entered Level 6 of the Lair of Beasts
 25187 | Lair:6   | Received a gift from Okawaru
 26364 | Lair:6   | Reached skill level 18 in Axes
 26786 | D:12     | Found a runed door.
 26786 | D:12     | Found a runed door.
 26787 | D:12     | Found the +2 shield of Resistance {rF+ rC+ MR+}
 26816 | D:12     | Received a gift from Okawaru
 26826 | D:12     | Reached skill level 5 in Dodging
 27107 | D:12     | Noticed Frances
 27127 | D:12     | Killed Frances
 27617 | D:13     | Reached XP level 16. HP: 134/134 MP: 22/22
 27651 | D:13     | Found a gate to the Vaults.
 27717 | D:13     | Received a gift from Okawaru
 28340 | D:14     | Reached skill level 15 in Fighting
 28453 | D:14     | Found Qahileprea's Jewellery Shop.
 28712 | D:14     | Received a gift from Okawaru
 29029 | D:14     | Reached skill level 19 in Axes
 29159 | D:14     | Reached skill level 15 in Armour
 29275 | D:15     | Entered Level 15 of the Dungeon
 29275 | D:15     | Noticed Akrius's ghost (adept BaGl)
 29728 | D:15     | Killed Akrius's ghost
 30105 | D:15     | Found a staircase to the Depths.
 30294 | D:15     | Noticed Roxanne
 30535 | D:15     | Killed Roxanne
 30536 | D:15     | Identified Roxanne's Volume of Transformation (You took it off Roxanne on level 15 of the Dungeon)
 30823 | D:15     | Reached skill level 10 in Shields
 31265 | Spider:1 | Entered Level 1 of the Spider Nest
 31292 | Spider:1 | Received a gift from Okawaru
 31536 | Spider:1 | Reached XP level 17. HP: 143/143 MP: 23/23
 32624 | Spider:2 | Found a frozen archway.
 32641 | IceCv    | Entered an ice cave
 32855 | IceCv    | Identified a +1 pair of boots of running (You found it in an ice cave)
 32929 | IceCv    | Noticed an Ice Fiend
 32931 | IceCv    | Noticed an Ice Fiend
 33471 | IceCv    | Killed an Ice Fiend
 33663 | IceCv    | Got a bloodstained plate armour
 33664 | IceCv    | Identified the cursed +0 plate armour of Sif Muna's Hatred {Slay+5} (You found it in an ice cave)
 33694 | IceCv    | Killed an Ice Fiend
 33694 | IceCv    | Reached skill level 20 in Axes
 34221 | Spider:2 | Received a gift from Okawaru
 34446 | Spider:2 | Received a gift from Okawaru
 34817 | Spider:3 | Noticed Asterion
 34825 | Spider:3 | Gained mutation: Armour fits poorly on your strangely shaped body. [a cacodemon]
 34826 | Spider:3 | Noticed Arachne
 34836 | Spider:3 | Noticed Jorgrun
 34836 | Spider:3 | Gained mutation: Scrolls take you a little longer to read. [a cacodemon]
 34841 | Spider:3 | Noticed Donald
 34849 | Spider:3 | Mangled by Donald

Vault maps used:
D:1:      enne_arrival_octagon_isle
D:2:      marbit_many_paths, minmay_bisected
D:3:      grunt_qazlal_clouds, okawaru_ov_weapons_minmay, fedhas_altar_4,
          chequers_ecumenical_altar_island, first_bread
D:4:      serial_forest, infiniplex_forest_clump_small, infiniplex_forest_split,
          infiniplex_forest_lined_room_3, infiniplex_forest_lined_3_way,
          infiniplex_forest_end_3, infiniplex_forest_corner_1,
          infiniplex_forest_end_1, infiniplex_forest_straight_3,
          infiniplex_forest_side_room
D:5:      nicolae_overflow_crystal_walls, minmay_temple_entry_large_hall,
          nicolae_ossuary_entry_ruins, uniq_duvessa, uniq_blork_the_orc,
          uniq_ijyb
D:6:      nicolae_overflow_hidden_temple, lemuel_coloured_pillars_altar
D:7:      lemuel_crystal_altar, serial_shops, shop, grunt_livestock,
          kennysheep_potato, uniq_joseph
D:8:      grunt_temple_overflow_champion_of_chaos, kennysheep_mini,
          lemuel_round_altar, minmay_lair_entry_lava, serial_shops, shop
D:10:     enter_bailey_7, minmay_crystal_water, minmay_unpleasant_kobolds,
          uniq_urug, uniq_snorg, uniq_erica
D:11:     erik_orc_3, serial_shops, shop, nicolae_ru_awakened_eye, uniq_harold
D:12:     spider_trap, minmay_guarded_unrand_resistance, uniq_frances
D:13:     lightli_vaults_fourway_checkpoint
D:14:     minmay_open_boxes_in_corner, serial_shops, nicolae_shop_behind_doors,
          minmay_misc_feat_tiny
D:15:     grunt_enter_depths_hoard, minmay_misc_feat_four_crosses, uniq_roxanne
Lair:2:   lemuel_fruit_tree, uniq_sonja, uniq_nergalle
Lair:3:   shoals_dummy_entry, minmay_lair_oklob_chamber,
          infiniplex_staircase_pool
Lair:4:   spider_nest_entry_a, lab_entry_generic
Lair:5:   regret_index_wax_grids, slime_altar_1
Lair:6:   hangedman_lair_tendril_chambers, guppyfry_lair_end_dragon
Spider:2: portal_ice_cave_entry_pillars_four
Spider:3: uniq_jorgrun, uniq_donald, uniq_arachne, uniq_asterion
Orc:2:    grunt_orc_gardens, grunt_orc_garden, grunt_orc_garden,
          grunt_orc_garden, grunt_orc_garden
Lab:      nicolae_lab_dead_adventurers, lab_fountain, lab_block,
          labyrinth_lava_lair, nicolae_lab_do_over, nicolae_lab_grate,
          nicolae_lab_big_swirl, nicolae_lab_grate_2, nicolae_lab_lava,
          nicolae_lab_swirl, nicolae_lab_blocks, nicolae_lab_checkerboard,
          nicolae_lab_arrow
Ossuary:  ossuary_crypta
Bailey:   bailey_axe_2, bailey
IceCv:    ice_cave_small_demon

Skill      XL: |  1  2  3  4  5  6  7  8  9 10 11 12 13 14 15 16 17 |
---------------+----------------------------------------------------+-----
Axes           | 3 4 5 7 8 10 11 13 14 16 17 18 19 20 | 20.1
Armour         | 2 3 5 7 8 10 11 12 13 14 15 16 | 16.1
Fighting       | 3 5 7 8 9 11 12 13 14 15 16 | 16.1
Shields        | 1 3 4 6 8 9 10 11 | 11.1
Invocations    | 1 2 3 5 6 8 |  8.0
Dodging        | 5 6 |  6.0
Spellcasting   | |  2.1
Charms         | |  3.2

Action                   |  1- 3 |  4- 6 |  7- 9 | 10-12 | 13-15 | 16-18 || total
-------------------------+-------+-------+-------+-------+-------+-------++-------
Melee: Hand axe          |   122 |    34 |    13 |       |       |       ||   169
       Flail             |       |   231 |   527 |    39 |       |       ||   797
       War axe           |       |       |    52 |   846 |    52 |       ||   950
       Broad axe         |       |       |       |       |   615 |   464 ||  1079
       Battleaxe         |       |       |       |       |   901 |   465 ||  1366
       Eveningstar       |       |       |       |       |    13 |       ||    13
 Fire: Blowgun           |       |       |       |       |    13 |       ||    13
Throw: Throwing net      |       |       |       |       |     3 |       ||     3
Invok: Heroism           |       |       |     4 |    16 |    23 |    10 ||    53
       Finesse           |       |       |       |       |       |     1 ||     1
 Abil: Hop               |       |     1 |     1 |       |     6 |     2 ||    10
Evoke: Wand              |       |       |       |     9 |     2 |       ||    11
       Box of beasts     |       |       |       |     2 |       |       ||     2
  Use: Scroll            |     5 |     7 |     6 |     6 |    13 |     8 ||    45
       Potion            |     3 |     1 |     4 |     6 |     6 |     5 ||    25
 Stab: Held in net/web   |       |       |       |       |     1 |       ||     1
  Eat: Chunk             |     4 |     9 |    13 |    38 |    51 |    19 ||   134
       Royal jelly       |       |       |     1 |     1 |       |     3 ||     5
       Fruit             |       |       |       |       |       |     1 ||     1
Armor: Leather armour    |    48 |       |       |       |       |       ||    48
       Scale mail        |    13 |   103 |       |       |       |       ||   116
       Chain mail        |       |   169 |   388 |   637 |   305 |       ||  1499
       Skin              |       |       |    52 |     3 |     3 |    12 ||    70
       Crystal plate arm |       |       |       |       |  1188 |   839 ||  2027
Dodge: Dodged            |    92 |   164 |   182 |   351 |   640 |   297 ||  1726
Block: Buckler           |    13 |    83 |   138 |   201 |   164 |       ||   599
       Shield            |       |       |       |       |       |   385 ||   385

Table legend:
 A = Spawn XP
 B = Non-spawn XP
 C = Spawn XP percentage of total XP
 D = Spawn monster count
 E = Non-spawn monster count
 F = Spawn count percentage of total count
 G = Total turns spent on level
                    A         B        C        D         E        F      G
               +---------+---------+-------+---------+---------+-------+---------
         Total |   34181 |  182680 |  15.8 |     181 |     846 |  17.6 | 34849
               +---------+---------+-------+---------+---------+-------+---------
           D:1 |       9 |      29 |  23.7 |       5 |      14 |  26.3 |  1089
           D:2 |       7 |     106 |   6.2 |       4 |      18 |  18.2 |  1891
           D:3 |       8 |     154 |   4.9 |       4 |      25 |  13.8 |   851
           D:4 |     215 |     164 |  56.7 |       9 |      18 |  33.3 |   839
           D:5 |      48 |    1263 |   3.7 |       1 |      20 |   4.8 |   951
           D:6 |      61 |     812 |   7.0 |       5 |      19 |  20.8 |  1397
           D:7 |     275 |    2196 |  11.1 |      14 |      17 |  45.2 |  1297
           D:8 |     257 |     999 |  20.5 |       5 |      16 |  23.8 |  1332
           D:9 |     885 |    4004 |  18.1 |       8 |      22 |  26.7 |  1772
          D:10 |    1763 |    7075 |  19.9 |       5 |      41 |  10.9 |  1438
          D:11 |     756 |    4620 |  14.1 |       2 |      57 |   3.4 |  1058
          D:12 |     636 |   14641 |   4.2 |       8 |      53 |  13.1 |   912
          D:13 |     293 |    9869 |   2.9 |       9 |      44 |  17.0 |   810
          D:14 |    3804 |   14981 |  20.3 |      14 |      46 |  23.3 |  1415
          D:15 |    3516 |   12368 |  22.1 |      10 |      20 |  33.3 |  1261
        Lair:1 |    1324 |    1347 |  49.6 |       6 |       5 |  54.5 |  1222
        Lair:2 |    3040 |    4508 |  40.3 |      12 |      17 |  41.4 |  2481
        Lair:3 |    2309 |    7233 |  24.2 |       7 |      17 |  29.2 |  2036
        Lair:4 |     393 |    4628 |   7.8 |       3 |      24 |  11.1 |   812
        Lair:5 |    2583 |   16054 |  13.9 |       7 |      65 |   9.7 |  1434
        Lair:6 |    2200 |   20740 |   9.6 |       6 |      71 |   7.8 |  1245
      Spider:1 |    4838 |   12408 |  28.1 |      12 |      28 |  30.0 |   956
      Spider:2 |    1650 |    7423 |  18.2 |       6 |      18 |  25.0 |  1065
      Spider:3 |    1288 |    4834 |  21.0 |       4 |      11 |  26.7 |   124
         Orc:1 |     556 |    1407 |  28.3 |       1 |      22 |   4.3 |   572
         Orc:2 |    1467 |   14014 |   9.5 |      14 |      57 |  19.7 |  1777
           Lab |       0 |    2577 |   0.0 |       0 |      11 |   0.0 |   568
       Ossuary |       0 |     269 |   0.0 |       0 |      12 |   0.0 |   273
        Bailey |       0 |     363 |   0.0 |       0 |      34 |   0.0 |   534
         IceCv |       0 |   11594 |   0.0 |       0 |      24 |   0.0 |  1437
               +---------+---------+-------+---------+---------+-------+---------
